 Dungeon Crawl Stone Soup version 0.31-a0-233-g139696dc86 (webtiles) character file.

Game seed: 3282493058225492915

142 Nietzsche the Ruffian (level 5, 0/42 HPs)
             Began as a Draconian Gladiator on July 10, 2023.
             Was an Initiate of Yredelemnul.
             Succumbed to an adder's poison
             ... in a sewer.
             The game lasted 00:07:50 (2476 turns).

Nietzsche the Ruffian (Draconian Gladiator)         Turns: 2476, Time: 00:07:51

Health: 0/42       AC:  5    Str: 20    XL:     5   Next: 3%
Magic:  7/7        EV: 13    Int: 10    God:    Yredelemnul [......]
Gold:   105        SH:  0    Dex: 13    Spells: 7/7 levels left

rFire   . .          .
                       - Unarmed
rCold   . . .        (no shield)
rNeg    . . .        (body armour unavailable)
rPois   .            a - +0 hat
rElec   .            (no cloak)
rCorr   +            (no gloves)
SInv    .            (no boots)
Will    .....        (no amulet)
Stlth   ++           k - ring of resist corrosion
HPRegen 0.27/turn    (no ring)
MPRegen 0.10/turn

%: no passive effects
@: lethally poisoned (0 -> -11), hasted, very quick
A: AC +5, unfitting armour, cold-blooded, thin skeletal structure 1, strong 1
a: Renounce Religion, Recall Undead Harvest


You were in a sewer.
You worshipped Yredelemnul.
Yredelemnul was noncommittal.
You visited 1 branch of the dungeon, and saw 3 of its levels.
You also visited: Sewer.

You collected 105 gold pieces.

Inventory:

Hand Weapons
 i - a +1 whip of pain
 m - a +2 whip of pain
Missiles
 b - 3 throwing nets (quivered)
 c - a javelin
Armour
 a - a +0 hat (worn)
Jewellery
 k - a ring of resist corrosion (left hand)
Scrolls
 e - 2 scrolls of teleportation
 h - a scroll of amnesia {unknown}
 j - a scroll of revelation {unknown}


   Skills:
 + Level 2.5 Fighting
 - Level 1.7 Throwing
 + Level 3.5 Dodging
 + Level 0.2 Stealth
 + Level 4.4 Unarmed Combat
 * Level 1.6 Spellcasting


You had 7 spell levels left.
You didn't know any spells.
Your spell library contained the following spells:

 Spells                   Type           Power      Damage    Failure   Level
 Beastly Appendage        Tmut           0%         N/A       32%         1
 Kiss of Death            Conj/Necr      0%         2d5       32%         1
 Wereblood                Tmut           0%         N/A       43%         2
 Confusing Touch          Hex            0%         N/A       67%         3
 Gell's Gravitas          Tloc           0%         N/A       67%         3
 Spider Form              Tmut/Pois      0%         N/A       67%         3
 Teleport Other           Tloc           0%         N/A       67%         3
 Dispel Undead            Necr           0%         3d6       97%         4
 Leda's Liquefaction      Hex/Erth       0%         N/A       97%         4
 Lee's Rapid Deconstruct  Erth           0%         3d4*      100%        5
 Dispersal                Tloc           0%         N/A       100%        6
 Leda's Unmaking          Conj/Erth      0%         9d1       100%        6
 Statue Form              Tmut/Erth      0%         N/A       100%        6


Dungeon Overview and Level Annotations

Branches:
Dungeon (3/15)              Sewer (1/1)

Altars:
Yredelemnul


Innate Abilities, Weirdness & Mutations

Your plain brown scales are hard. (AC +5)
You cannot fit into any form of body armour.
You are cold-blooded and may be slowed by cold attacks.
You have a somewhat thin skeletal structure. (Dex +2, Stealth+)
Your muscles are strong. (Str +4, Int/Dex -1)


Message History

You are more poisoned.
The adder poisons you!
You miss the adder.
The adder is severely wounded.
You feel sick.
The rat closely misses your river rat zombie.
The adder bites you.
* * * LOW HITPOINT WARNING * * *
You are lethally poisoned!
The adder poisons you!
You hit the adder.
The adder is almost dead.
* * * LOW HITPOINT WARNING * * *
You feel sick.
Your river rat zombie barely misses the rat.
Your frilled lizard zombie barely misses the adder.
You barely miss the adder.
The adder is almost dead.
* * * LOW HITPOINT WARNING * * *
You feel sick. The adder bites you.
* * * LOW HITPOINT WARNING * * *
You are more poisoned.
The adder poisons you!
The rat barely misses your river rat zombie.
Really quaff the potion of mutation? [Y]es or [N]o only, please.
Really quaff the potion of mutation? [Y]es or [N]o only, please.
Really quaff the potion of mutation?
You feel extremely strange.
You feel stronger.
Your bones become slightly less dense.
* * * LOW HITPOINT WARNING * * *
You feel very sick. The adder barely misses you.
Your river rat zombie bites the rat.
The rat dies!
Your frilled lizard zombie misses the adder.
You barely miss the adder.
The adder is almost dead.
You die...
Your body rises from the dead as a mindless zombie.

~~~~......#..#
~≈~.........##
.≈≈........##
.~≈.~.....##
..~~~~~.....##
.~~~≈~~..Z...#
.~~~≈≈~.r..Z.##
###.~~≈≈≈~~...#S.#
#.Z..~≈≈≈≈~..###@#
..r..~≈≈≈≈~..###∩#
lSSr.~≈≈≈≈~...####
Sr.r#~≈≈≈≈~...##
.Sr##≈≈≈≈≈.....#
..## ~≈≈≈≈.....##
..# ≈≈≈≈≈~.....#
... ≈≈≈≈≈~~....#
.... ≈≈≈≈≈≈~....#


You could see an adder (ally target), a friendly frilled lizard zombie and a
friendly river rat zombie.

Vanquished Creatures
  3 adders
  2 river rats (Sewer)
  A worm (D:2)
  2 dart slugs (D:1)
  3 endoplasms
  4 giant cockroaches
  9 goblins
  8 hobgoblins
  11 jackals
  10 kobolds
  2 quokkas
  5 ball pythons
  7 bats
  6 frilled lizards
  7 rats
80 creatures vanquished.

Vanquished Creatures (collateral kills)
  2 ball pythons (Sewer)
  A frilled lizard (Sewer)
  4 rats (Sewer)
7 creatures vanquished.

Vanquished Creatures (others)
  A ball python zombie (Sewer)
  A goblin zombie (D:2)
  2 rat zombies (Sewer)
4 creatures vanquished.

Grand Total: 91 creatures vanquished

Notes
Turn   | Place    | Note
-------+----------+-------------------------------------------
     0 | D:1      | Nietzsche the Draconian Gladiator began the quest for the
                  | Orb.
     0 | D:1      | Reached XP level 1. HP: 17/17 MP: 1/1
   205 | D:1      | Reached XP level 2. HP: 23/25 MP: 2/2
   356 | D:1      | Reached XP level 3. HP: 16/30 MP: 4/4
  1209 | D:2      | Found a faded altar of an unknown god.
  1275 | D:2      | Reached skill level 4 in Unarmed Combat
  1327 | D:2      | Reached skill level 1 in Spellcasting
  1486 | D:2      | Reached XP level 4. HP: 20/37 MP: 5/5
  1678 | D:2      | Found a basalt altar of Yredelemnul.
  1687 | D:2      | Became a worshipper of Yredelemnul the Dark
  2089 | D:3      | Found a glowing drain.
  2137 | D:3      | Reached * piety under Yredelemnul
  2233 | Sewer    | Entered a sewer
  2466 | Sewer    | Reached XP level 5. HP: 19/42 MP: 7/7
  2475 | Sewer    | Gained mutation: Your muscles are strong. (Str +4, Int/Dex
                  | -1) [potion of mutation]
  2475 | Sewer    | Gained mutation: You have a somewhat thin skeletal
                  | structure. (Dex +2, Stealth+) [potion of mutation]
  2475 | Sewer    | HP: 1/42 [poisoned by an adder]
  2476 | Sewer    | Succumbed to an adder's poison

Illustrated notes

Levels and vault maps discovered:
D:1:      dpeg_arrival_circle_labyrinth_a, layout_loops_ring
D:2:      layout_basic, ebering_ecumenical_altar_abandoned, basic_altar
D:3:      layout_rooms, mainiacjoe_overflow_alcove_3, gup_sewer_entry_glass
Sewer:    sewer_minmay_treatment

Skill      XL: |  1  2  3 |
---------------+----------+-----
Dodging        | 3 |  3.5
Unarmed Combat | 4 |  4.4
Spellcasting   | 1 |  1.6
Fighting       | |  2.5
Throwing       | |  1.7
Stealth        | |  0.2

Action                     |  1- 3 |  4- 6 || total
---------------------------+-------+-------++-------
  Melee: Unarmed           |   158 |   139 ||   297
         Tailslap          |    15 |     8 ||    23
         Punch             |     4 |     3 ||     7
    Use: Scroll            |       |     4 ||     4
         Potion            |       |     3 ||     3
   Stab: Distracted        |       |     1 ||     1
 Armour: Skin              |    56 |    68 ||   124
  Dodge: Dodged            |   110 |   148 ||   258

Table legend: (Time is in decaauts)
 A = Elapsed time spent in this place.
 B = Non-inter-level travel time spent in this place.
 C = Inter-level travel time spent in this place.
 D = Time resting spent in this place.
 E = Time spent auto-exploring this place.
 F = Levels seen in this place.
 G = Mean time per level.
                   A        B        C        D        E       F      G
               +--------+--------+--------+--------+--------+-----+--------+
         Total |   2447 |   2279 |    168 |      0 |   1629 |   4 |  611.8 |
       Dungeon |   2216 |   2048 |    168 |      0 |   1517 |   3 |  738.7 |
         Sewer |    230 |    230 |      0 |      0 |    112 |   1 |  230.0 |
               +--------+--------+--------+--------+--------+-----+--------+

Top non-repeatable levels by time:
     D:1: 1159 daAuts
     D:2: 863 daAuts
   Sewer: 230 daAuts
     D:3: 193 daAuts
